AoeStats
← A Bá

African Clearing

510314403Analyzed
4v4 RM · 3d ago on Sep 30, 2026· 35m 36s· 8 players
Game mode
Random Map
Map size
Large (8 player)
Population
200
Speed
Normal
Resources
Standard
Victory
Conquest
Starting age
Dark Age
Ending age
Imperial Age
RankedLock teamsTeams togetherTeam positionsShared explorationLock speedFull tech treeHidden civsTurbo modeCheats
Victory
Defeat
🇦🇺 Lithuanians · Australia
1288
+14
🇻🇳 Spanish · Vietnam
1276
+15
🇮🇳 Poles · India
1251
+16
🇹🇼 Huns · Taiwan
1195
+19
🇨🇦 Berbers · Canada
1435
-22
🇫🇷 Huns · France
1379
-20
🇫🇷 Wei · France
1243
-16
🇫🇷 Tupi · France
950
-6
kaar
3:42 Loom
12:59 Feudal Age
17:16 Castle Age
20:10 Double-Bit Axe
20:16 Horse Collar
21:28 Bow Saw
22:18 Fletching
23:23 Heavy Plow
26:27 Szlachta Privileges
27:04 Scale Barding Armor
27:16 Bloodlines
27:45 Forging
28:14 Husbandry
31:26 Iron Casting
34:32 Chain Barding Armor
37:41 Imperial Age
神鬼戰士
3:42 Loom
13:56 Feudal Age
16:24 Wheelbarrow
15:35 Town Watch
15:38 Double-Bit Axe
15:43 Horse Collar
19:44 Castle Age
18:39 Fletching
21:32 Hand Cart
21:32 Stone Mining
24:34 Bodkin Arrow
33:23 Murder Holes
Súc Vật Du Phong
3:55 Loom
14:16 Feudal Age
18:28 Castle Age
17:11 Double-Bit Axe
19:51 Bow Saw
26:49 Husbandry
A Bá
4:38 Loom
14:47 Feudal Age
21:28 Double-Bit Axe
24:13 Castle Age
23:13 Gold Mining
23:13 Stone Mining
123
6:15 Loom
15:06 Feudal Age
15:48 Feudal Age
20:06 Castle Age
18:32 Double-Bit Axe
20:18 Horse Collar
22:42 Bow Saw
23:40 Padded Archer Armor
24:06 Fletching
25:17 Bodkin Arrow
27:31 Ballistics
28:57 Padded Archer Armor
30:45 Leather Archer Armor
31:44 Wheelbarrow
32:33 Town Watch
baug
5:14 Loom
13:40 Feudal Age
18:15 Fletching
29:32 Castle Age
30:23 Double-Bit Axe
30:45 Gold Mining
32:38 Scale Barding Armor
Kefko2112
6:15 Loom
14:02 Feudal Age
18:08 Castle Age
16:26 Double-Bit Axe
16:29 Horse Collar
24:42 Scale Barding Armor
24:48 Forging
26:23 Town Watch
27:21 Wheelbarrow
29:01 Forging
29:00 Husbandry
29:10 Bloodlines
29:16 Bloodlines
30:13 Husbandry
31:01 Iron Casting
Hamidouche
5:39 Loom
15:08 Feudal Age
20:46 Town Watch
22:09 Double-Bit Axe
25:33 Castle Age
23:34 Stone Mining
23:37 Fletching
24:45 Padded Archer Armor
Connection lost

Rejoining the realm…

Still unreachable

The connection could not be restored.

Session expired

The server has moved on; the page needs a fresh start.